 Dungeon Crawl Stone Soup version 0.30-a0-743-gbfdf073431 (webtiles) character file.

Game seed: 9330307224712941513

81 M4edhros the Insei (level 4, -1/28 HPs)
             Began as an Octopode Transmuter on Feb 6, 2023.
             Slain by an orc
             ... wielding a +0 flail
              (6 damage)
             ... on level 4 of the Dungeon.
             The game lasted 00:02:11 (658 turns).

M4edhros the Insei (Octopode Transmuter)             Turns: 658, Time: 00:02:11

Health: -1/28      AC:  1    Str:  9    XL:     4   Next: 40%
Magic:  7/7        EV: 13    Int: 15    God:
Gold:   39         SH:  0    Dex: 14    Spells: 3/7 levels left

rFire   . . .      SeeInvis .      - Unarmed
rCold   . . .      Faith    .    (no shield)
rNeg    . . .      Spirit   .    (helmet restricted)
rPois   .          Reflect  .    (no amulet)
rElec   .          Harm     .    a - ring of resist corrosion
rCorr   +          Rampage  .    (no ring)
Will    .....                    (no ring)
Stlth   ++                       (no ring)
HPRegen 0.24/turn                (no ring)
MPRegen 0.10/turn                (no ring)
                                 (no ring)
                                 (no ring)

@: unable to drink
A: almost no armour, amphibious, 8 rings, camouflage 1, gelatinous body 1,
(nimble swimmer 1), tentacles, inability to drink after injury 1, devolution 2
a: no special abilities


You were on level 4 of the Dungeon.
You visited 1 branch of the dungeon, and saw 4 of its levels.

You collected 39 gold pieces.

Inventory:

Hand Weapons
 d - a +0 sling
 j - a +1 short sword of protection
Missiles
 i - 2 poisoned darts
Jewellery
 a - a ring of resist corrosion (left tentacle)
Scrolls
 e - 2 scrolls of identify


   Skills:
 - Level 1.0 Fighting
 - Level 2.0 Dodging
 + Level 4.1 Unarmed Combat
 - Level 2.0 Spellcasting
 + Level 3.4 Transmutations


You had 3 spell levels left.
You knew the following spells:

 Your Spells              Type           Power      Damage    Failure   Level
a - Beastly Appendage     Tmut           22%        N/A       5%          1
b - Spider Form           Tmut/Pois      6%         N/A       32%         3

Your spell library contained the following spells:

 Spells                   Type           Power      Damage    Failure   Level
 Wereblood                Tmut           11%        N/A       9%          2
 Blink                    Tloc           2%         N/A       32%         2
 Lesser Beckoning         Tloc           2%         N/A       32%         2
 Momentum Strike          Conj/Tloc      2%         3d8       32%         2
 Tukima's Dance           Hex            1%         N/A       54%         3
 Ice Form                 Ice/Tmut       6%         N/A       73%         4
 Passage of Golubria      Tloc           1%         N/A       91%         4
 Yara's Violent Unravell  Hex/Tmut       3%         3d4       97%         5


Dungeon Overview and Level Annotations

Branches:
Dungeon (4/15)
 Temple: D:4-7

Altars:

Shops:
D:2 *


Innate Abilities, Weirdness & Mutations

You cannot wear most types of armour.
You are amphibious.
You can wear up to eight rings at the same time.
Your skin changes colour to match your surroundings (Stealth+).
Your rubbery body absorbs attacks. (AC +1, EV +1)
((You are camouflaged when in or above water. (Stealth+)))
You have tentacles for arms and can constrict up to eight enemies at once.
You occasionally lose the ability to drink potions when taking damage.
You have terrible hidden genetic defects.


Message History

You feel less wooden.
The gnoll hits you from afar with a +0 spear.
The gnoll barely misses you.
You bludgeon the gnoll! You grab the gnoll. You squeeze the gnoll.
You kill the gnoll!
You see here a +0 spear.
Found a scratched copper ring and 11 gold pieces.
a - a ring of resist corrosion
a - a ring of resist corrosion (left tentacle)
You now have enough gold to buy a scroll of teleportation on D:2.
You can access your shopping list by pressing '$'.
You now have 39 gold pieces (gained 11).
A gnoll is nearby!
A gnoll is nearby!
A gnoll is nearby!
A gnoll is nearby!
An orc comes into view. It is wielding a +0 flail.
The gnoll hits you from afar with a +0 spear.
Found a fuming white potion.
The gnoll completely misses you.
You barely miss the gnoll. Your grab misses the gnoll.
Your squeeze misses the gnoll. The gnoll hits you with a +0 spear!
* * * LOW HITPOINT WARNING * * *
You completely miss the gnoll. You grab the gnoll. You constrict the gnoll.
The orc shouts!
The gnoll hits you with a +0 spear!
* * * LOW HITPOINT WARNING * * *
You completely miss the gnoll.
The gnoll is lightly wounded.
You constrict the gnoll. The gnoll closely misses you.
You bludgeon the gnoll!
You kill the gnoll!
You see here a +0 spear.
You feel a little less mighty now.
You feel a genetic drift.
You occasionally lose the ability to drink potions when taking damage.
You tentacle-slap the orc. Your grab misses the orc. You tentacle-slap the orc.
The orc is heavily wounded.
The orc hits you with a +0 flail.
You feel threatened and lose the ability to drink potions!
You die...

.###,,,#.....#.....#.,,,,***,,,,,
..#.###.#..(.#......#,##*,*,,,,,,
...#...###...#.....###..,,,*,,,,,
.gg#....#.###.#.###.#..,,,,*,,,,,
...#..>..#...###.....#,,>,,*,,,,,
###)#....#....#......#,,,,,,*,***
...###...#.....#.....#..,,,###.,,
....#.###.#....#......#,###.#..,,
.....#...###...#@....###.....#,,,
#..).#....#.###.#o###.#......#,,,
##...#.....#...###.....#.....#.,,
*####.#....#....#......#......#,*
,,,*####...#.....#.....#.....#**,
,,,,,* ####.#....#......#,*####*,
,,,,,*** ####...#.....###.....*,
,,,,,,,**** ####.#o###....#**,*,
,,,,,,,,,,***#...###....####**,,,


You could see an orc.

Vanquished Creatures
  3 gnolls (D:4)
  2 adders
  2 worms (D:3)
  An orc (D:3)
  4 ball pythons
  2 bats
  3 endoplasms
  2 goblins (D:3)
  2 hobgoblins
  A kobold (D:2)
  A quokka (D:3)
  2 frilled lizards
  3 rats
28 creatures vanquished.

Notes
Turn   | Place    | Note
-------+----------+-------------------------------------------
     0 | D:1      | M4edhros the Octopode Transmuter began the quest for the
                  | Orb.
     0 | D:1      | Reached XP level 1. HP: 13/13 MP: 3/3
   151 | D:2      | Found Lenafaw's General Store.
   154 | D:2      | Reached XP level 2. HP: 16/18 MP: 5/5
   259 | D:2      | Found a faded altar of an unknown god.
   300 | D:3      | Reached XP level 3. HP: 23/23 MP: 6/6
   304 | D:3      | Learned a level 3 spell: Spider Form
   576 | D:4      | HP: 1/34 [gnoll/+0 flail (6)]
   581 | D:4      | Reached skill level 4 in Unarmed Combat
   581 | D:4      | Reached XP level 4. HP: 23/28 MP: 7/7
   581 | D:4      | Gained mutation: You have hidden genetic defects. [potion
                  | of mutation]
   581 | D:4      | Gained mutation: You have terrible hidden genetic defects.
                  | [potion of mutation]
   644 | D:4      | HP: 1/28 [gnoll/+0 spear (7)]
   656 | D:4      | Gained mutation: You occasionally lose the ability to drink
                  | potions when taking damage. [hidden defects]
   658 | D:4      | Slain by an orc

Illustrated notes

Levels and vault maps discovered:
D:1:      lemuel_arrival_funnel, layout_rooms, minmay_tripent
D:2:      layout_loops_ring, hellmonk_ecumenical_altar_slurped_away,
          serial_shops, shop, shop, shop
D:3:      wad_pebble_path, layout_rooms
D:4:      nicolae_BIG_FREAKIN_CUBE, layout_basic, mainiacjoe_overflow_brackets,
          serial_shops, shop

Skill      XL: |  1  2  3 |
---------------+----------+-----
Transmutations | 3 |  3.4
Unarmed Combat | 4 |  4.1
Fighting       | |  1.0
Dodging        | |  2.0
Spellcasting   | |  2.0

Action                     |  1- 3 |  4- 6 || total
---------------------------+-------+-------++-------
  Melee: Unarmed           |    70 |     6 ||    76
         Constrict         |    13 |     2 ||    15
         Tentacles         |    11 |     1 ||    12
         Punch             |     2 |     1 ||     3
    Use: Potion            |     2 |     2 ||     4
         Scroll            |       |     4 ||     4
   Stab: Sleeping          |     3 |       ||     3
 Armour: Skin              |     8 |     5 ||    13
  Dodge: Dodged            |    43 |     3 ||    46

Table legend: (Time is in decaauts)
 A = Elapsed time spent in this place.
 B = Non-inter-level travel time spent in this place.
 C = Inter-level travel time spent in this place.
 D = Time resting spent in this place.
 E = Time spent auto-exploring this place.
 F = Levels seen in this place.
 G = Mean time per level.
                   A        B        C        D        E       F      G
               +--------+--------+--------+--------+--------+-----+--------+
         Total |    651 |    609 |     42 |      0 |    298 |   4 |  162.8 |
       Dungeon |    651 |    609 |     42 |      0 |    298 |   4 |  162.8 |
               +--------+--------+--------+--------+--------+-----+--------+

Top non-repeatable levels by time:
     D:4: 214 daAuts
     D:2: 150 daAuts
     D:3: 149 daAuts
     D:1: 136 daAuts
